Cogmind - Beta 16.1 @@@ ROGUE MODE // 2026.02.16 @ 17:11:13 Player: Monday Result: Self-destructed Performance ------------- Evolutions (1) 500 Regions Visited (2) 400 Robots Destroyed (31) 155 Value Destroyed (466) 466 Prototype IDs (0) 0 Alien Tech Used (0) 0 Bonus (0) 0 TOTAL SCORE: 1521 Bonus ------- None Cogmind --------- Core Integrity 260/400 Matter 15/300 Energy 80/100 System Corruption 0% Temperature Cool (0) Movement Walking (120) Location -9/Materials Parts ------- > --- POWER (1) -------- (None) > --- PROPULSION (2) --- Aluminum Leg Aluminum Leg > --- UTILITY (4) ------ Small Storage Unit Medium Storage Unit ECM Suite > --- WEAPON (2) ------- Mini Grenade Launcher Mini Grenade Launcher > --- INVENTORY (10) --- Light Ion Engine Weight Redist. System Improved Light Cannon Improved Light Cannon Improved Light Cannon Peak State ------------ > --- POWER ------------ Light Ion Engine > --- PROPULSION ------- Light Treads Light Treads > --- UTILITY ---------- Small Storage Unit Medium Storage Unit Weight Redist. System ECM Suite > --- WEAPON ----------- Improved Light Cannon Improved Light Cannon > --- INVENTORY -------- Light Ion Engine Aluminum Leg Aluminum Leg Mini Grenade Launcher Mini Grenade Launcher [Rating: 12] Favorites ----------- Power Light Ion Engine Engine Light Ion Engine Propulsion Light Treads Treads Light Treads Leg Aluminum Leg Wheel Wheel Utility Small Storage Unit Device ECM Suite Storage Small Storage Unit Weapon Improved Light Cannon Energy Gun EM Pulse Gun Ballistic Gun Assault Rifle Ballistic Cannon Improved Light Cannon Launcher Mini Grenade Launcher Build | -11 -10 -9 ------- Run | Yrd Mat Mat Slots Evolved 2 | . . 2 Power . | . . . Propulsion . | . . . Utility 2 | . . 2 Weapon . | . . . Parts Attached 23 | 3 15 5 Power 2 | 1 1 . Engine 2 | 1 1 . Core . | . . . Reactor . | . . . Propulsion 8 | 2 4 2 Treads 2 | . 2 . Leg 4 | 2 . 2 Wheel 2 | . 2 . Hover . | . . . Flight . | . . . Utility 4 | . 3 1 Device 2 | . 2 . Storage 2 | . 1 1 Processor . | . . . Hackware . | . . . Protection . | . . . Artifact . | . . . Weapon 9 | . 7 2 Energy Gun 1 | . 1 . Energy Cannon . | . . . Ballistic Gun 3 | . 3 . Ballistic Cannon 2 | . 2 . Launcher 3 | . 1 2 Special Weapon . | . . . Impact Weapon . | . . . Slashing Weapon . | . . . Piercing Weapon . | . . . Special Melee Weapon . | . . . Unidentified Prototypes . | . . . Parts Lost 4 | . 3 1 Power 2 | . 1 1 Propulsion 1 | . 1 . Utility . | . . . Weapon 1 | . 1 . Highest Loss Streak 1 | . 1 1 To Critical Strikes . | . . . Average Backups 4 | 2 3 6 Power . | . . 1 Propulsion 1 | . 1 1 Utility . | . . . Weapon 2 | 1 1 2 Tool/Special . | . . . Unused Backups 4 | . 2 2 Power 2 | . 1 1 Propulsion . | . . . Utility 1 | . 1 . Weapon 1 | . . 1 Tool/Special . | . . . Average Slot Usage (%) 90 | . 90 90 Engine 12 | . 12 10 Treads 10 | . 6 20 Leg 5 | . 6 1 Wheel 9 | . 14 . Device 9 | . 7 14 Storage 16 | . 13 20 Ballistic Gun 6 | . 10 . Ballistic Cannon 16 | . 15 19 Launcher 1 | . . 2 Peak Build Rating 12 | 3 10 12 Average Rating 8 | 2 7 11 On Entrance 4 | . 3 10 Avg Prop Armor Cover (%) . | . . . Naked Turns . | . . . Heaviest Build 28 | 3 18 28 Greatest Support 46 | 20 40 46 Greatest Overweight (x) 3 | . 3 1 Average Overweight (x) . | . . . Largest Inventory Capacity 10 | 5 8 10 Average Capacity 8 | 5 7 9 Most Carried 8 | 4 7 8 Average Carried 4 | 3 3 6 Final Capacity 10 | 5 8 10 Final Carried 7 | 4 7 5 Class Distribution -------------------- 88% | Mutant 11% | Scavenger-Mutant Dominant Class ---------------- Mutant | -10/Materials Mutant | -9/Materials Resources | -11 -10 -9 ----------- Run | Yrd Mat Mat Matter Collected 625 | 214 282 129 Remotely . | . . . Salvage Created 677 | . 515 162 Parts 58 | . 38 20 Haulers Intercepted . | . . . Recyclers Shooed 3 | . 1 2 Parts Field Recycled . | . . . Retrieved Matter . | . . . Parts Self-Destructed . | . . . Prevented . | . . . Parts Restored . | . . . Kills | -11 -10 -9 ------- Run | Yrd Mat Mat Combat Hostiles Destroyed 17 | . 12 5 Guns 11 | . 11 . AOE 6 | . 1 5 Classes Destroyed 8 | . 5 3 Worker 3 | . 2 1 Builder 5 | . . 5 Recycler 3 | . 2 1 Operator 1 | . . 1 Watcher 2 | . 1 1 Swarmer 10 | . 6 4 Grunt 6 | . 6 . Sentry 1 | . . 1 Best Kill Streak 10 | . 5 10 Combat Bots Only 5 | . 5 5 Max Kills in Single Turn 6 | . 1 6 Gunslinging . | . . . Exploded 2 | . 1 2 Melee . | . . . Uniques/NPCs Destroyed . | . . . Combat | -11 -10 -9 -------- Run | Yrd Mat Mat Hostile Shots Fired 131 | . 76 55 Missed 38 | . 22 16 Hits 93 | . 54 39 Projectile 93 | . 54 39 Critical Strikes 3 | . . 3 Damage Taken 1040 | . 579 461 Core 255 | . 115 140 Absorbed by Shields . | . . . Regen/Repaired (Parts) 10 | . . 10 Core Remaining (%) 77 | 100 54 . Volleys Fired 60 | . 44 16 Largest 2 | . 2 2 Hottest 66 | . 66 66 Shots Fired 120 | . 88 32 Gun 83 | . 83 . Cannon 25 | . 4 21 Launcher 12 | . 1 11 Special . | . . . Kinetic 98 | . 77 21 Thermal . | . . . Explosive 12 | . 1 11 Electromagnetic 10 | . 10 . Robot Hit Streak 13 | . 13 5 Robot Miss Streak 3 | . 3 2 Penetration Max . | . . . Secondary Targets . | . . . Shots Hit Robots 73 | . 56 17 Core Hits 45 | . 25 20 Critical Kills . | . . . Critical Parts Destroyed . | . . . Critical Strikes . | . . . Melee Attacks . | . . . Impact . | . . . Slashing . | . . . Piercing . | . . . Sneak Attacks . | . . . Combat Hostiles . | . . . Follow-up Attacks . | . . . Damage Inflicted 1788 | . 775 1013 Guns 665 | . 665 . Cannons 285 | . 64 221 Explosions 836 | . 45 791 Melee . | . . . Ramming 2 | . 1 1 Kinetic 848 | . 627 221 Thermal . | . . . Explosive 836 | . 45 791 Electromagnetic 102 | . 102 . Impact . | . . . Slashing . | . . . Piercing . | . . . Highest Corruption . | . . . Average Corruption . | . . . Corruption Purged . | . . . Corruption Blocked . | . . . Overload Shots . | . . . Overflow Damage 35 | . . 35 Projectiles 14 | . . 14 Explosions 21 | . . 21 Melee . | . . . Knockbacks 1 | . . 1 Impact . | . . . Kinetic . | . . . Secondary 1 | . . 1 Self-Inflicted Damage 39 | . . 39 Shots 1 | . . 1 Rammed 1 | . . 1 Targets Rammed 2 | . 1 1 Kicked 1 | . 1 . Crushed . | . . . Highest Temperature 70 | . 70 24 Average Temperature 22 | . 28 9 Received Heat Transfer 405 | . 261 144 Siege Activations . | . . . Martial Activations . | . . . Shielding Activations . | . . . Robots Disrupted . | . . . Combat Hostiles . | . . . Robots Corrupted . | . . . Combat Hostiles . | . . . Parts Fried 1 | . 1 . Impact Corruptions 1 | . . 1 Robots Melted . | . . . Combat Hostiles . | . . . Parts Melted . | . . . Heat Transferred . | . . . Parts Sabotaged . | . . . Parts Stolen . | . . . Parts Stripped . | . . . Power Chain Reactions . | . . . Alert | -11 -10 -9 ------- Run | Yrd Mat Mat Maximum Alert Level 1 | . . 1 Low Security (%) 99 | 100 100 99 Level 1 . | . . . Level 2 . | . . . Level 3 . | . . . Level 4 . | . . . Level 5 . | . . . High Security . | . . . Max Security . | . . . Peak Influence 202 | . 142 202 Initial . | . . . Average 42 | . 57 18 Influence Increases 612 | . 360 252 Destroy 0b10 Robot/C 340 | . 240 100 Destroy 0b10 Robot/NC 70 | . 25 45 Destroy Leader 64 | . 42 22 Successful Hack 18 | . 16 2 Disable Machine 15 | . . 15 Destroy Structure 75 | . 7 68 Lose Combat Pursuer 30 | . 30 . Influence Decreases 428 | . 360 68 Time Decay 388 | . 330 58 Lost Part 40 | . 30 10 Squads Dispatched 2 | . 2 . Investigation 1 | . 1 . Extermination . | . . . Reinforcement 1 | . 1 . Assault . | . . . Garrison . | . . . Intercept . | . . . Searches Triggered . | . . . Construction Impeded . | . . . Haulers Reinforced . | . . . Active Scanning Responses . | . . . Cargo Convoy Interrupts . | . . . Stealth | -11 -10 -9 --------- Run | Yrd Mat Mat Distress Signals 4 | . 1 3 Communications Jammed . | . . . Distress Signals . | . . . Times Spotted 38 | . 22 16 Peak Tracking Total 8 | . 8 7 Tactical Retreats 6 | . 4 2 ECM-based Alert Blocks 7 | . 4 3 Traps | -11 -10 -9 ------- Run | Yrd Mat Mat Traps Triggered 2 | . 2 . Indirectly . | . . . Trap Hack Attempts . | . . . Triggered . | . . . Disarmed . | . . . Reprogrammed . | . . . Reused . | . . . Traps Extracted . | . . . Installed . | . . . Triggered . | . . . Machines | -11 -10 -9 ---------- Run | Yrd Mat Mat Machines Disabled 1 | . . 1 Max in Single Turn 1 | . . 1 Machines Repaired . | . . . Machines Dismantled . | . . . Machines Sabotaged . | . . . Overloaded Fab Kills . | . . . Hacking | -11 -10 -9 --------- Run | Yrd Mat Mat Machines Accessed 7 | . 4 3 Terminals 4 | . 2 2 Fabricators . | . . . Repair Stations 2 | . 1 1 Recycling Units 1 | . 1 . Scanalyzers . | . . . Garrison Access . | . . . Total Hacks 14 | . 10 4 Successful 8 | . 5 3 Failed 6 | . 5 1 Catastrophic . | . . . Database Lockouts . | . . . Manual . | . . . Terminals 5 | . 3 2 Fabricators . | . . . Repair Stations 5 | . 3 2 Recycling Units 4 | . 4 . Scanalyzers . | . . . Garrison Access . | . . . Terminal Hacks 2 | . 1 1 Alert Level 1 | . . 1 Dispatch Records 1 | . 1 . Fabricator Hacks . | . . . Repair Station Hacks 3 | . 1 2 Scan Component 2 | . 1 1 Repair 1 | . . 1 Recycling Unit Hacks 3 | . 3 . Recycle Component 1 | . 1 . Process 1 | . 1 . Retrieve Components 1 | . 1 . Scanalyzer . | . . . Garrison Access Hacks . | . . . Unauthorized Hacks . | . . . Terminals . | . . . Fabricators . | . . . Repair Stations . | . . . Recycling Units . | . . . Scanalyzers . | . . . Garrison Access . | . . . Data Cores Recovered 1 | . . 1 Used 1 | . . 1 Hacking Detections 5 | . 4 1 Full Trace Events 1 | . 1 . Feedback Events . | . . . Feedback Blocked . | . . . Robot Schematics Acquired . | . . . Robots Built . | . . . Authchips . | . . . Time . | . . . Total Robot Build Rating . | . . . Part Schematics Acquired . | . . . Parts Built . | . . . Authchips . | . . . Time . | . . . Total Part Build Rating . | . . . Part Studies Acquired . | . . . Parts Repaired 1 | . . 1 Time 36 | . . 36 Parts Recycled 1 | . 1 . Recycled Matter 161 | . 161 . Retrieved Matter . | . . . Retrieved Components . | . . . Parts Scanalyzed . | . . . Part Schematics Acquired . | . . . Parts Damaged . | . . . Bothacking | -11 -10 -9 ------------ Run | Yrd Mat Mat Used RIF Installer . | . . . Robots Hacked . | . . . Non-combat . | . . . Combat . | . . . Robot Hacks Applied . | . . . Relay Couplers Released . | . . . Fabnet Peak Effective % . | . . . Robots Rewired . | . . . Allies Hacked . | . . . Hacks Repelled . | . . . Allies | -11 -10 -9 -------- Run | Yrd Mat Mat Total Allies . | . . . Largest Group . | . . . Highest-Rated Group . | . . . Highest-Rated Ally . | . . . Total Orders . | . . . Ally Attacks . | . . . Total Damage . | . . . Kills . | . . . Allies Corrupted . | . . . Allies Melted . | . . . Intel | -11 -10 -9 ------- Run | Yrd Mat Mat Active Infowar (turns) 761 | . 292 469 ECM 761 | . 292 469 Robot Analysis Total . | . . . Derelict Logs Recovered . | . . . Drone Launches . | . . . Drone Recoveries . | . . . Exploration | -11 -10 -9 ------------- Run | Yrd Mat Mat Turns Passed 1469 | 54 945 470 Spaces Moved 859 | 40 685 134 Core 7 | 4 3 . Treads 243 | . 122 121 Legs 171 | 36 122 13 Wheels 438 | . 438 . Hover . | . . . Flight . | . . . Fastest Speed 50 | 50 90 120 Average Speed 117 | 113 108 160 Slowest Speed 200 | 120 200 190 Overloaded Moves . | . . . Propulsion Burnouts . | . . . Robots Hopped . | . . . Potential Cave-ins . | . . . Cave-ins Triggered . | . . . Exploration Rate (%) 31 | 3 74 16 Regions Visited 2 Branch Regions . Pre-discovered Areas . | . . . Known Exits Taken . | . . . Unknown Exits Taken 2 | 1 1 . Scrap Searched . | . . . Spaces Dug . | . . . Terrain Destroyed 87 | . 4 83 Melee . | . . . Projectile 3 | . 1 2 AOE 84 | . 3 81 Terrain Rammed . | . . . Walls Destroyed . | . . . Machines Disabled . | . . . Actions | -11 -10 -9 --------- Run | Yrd Mat Mat Total 1207 | 49 801 357 Wait 211 | . 23 188 Move 857 | 39 684 134 Hop . | . . . Pick Up 31 | 7 22 2 Fast Attach . | . . . Attach 22 | 3 14 5 Detach 5 | . 1 4 Swap 9 | . 4 5 Drop 10 | . 8 2 Fire 60 | . 44 16 Melee . | . . . Ram . | . . . Kick 1 | . 1 . Crush 1 | . . 1 Escape Stasis . | . . . Rewire . | . . . Trap . | . . . Miscellaneous . | . . . Route ------- -11/Scrapyard -10/Materials (discovered 3 exits: *Mat x2 / [*Min]) -9/Materials History --------- Turn | Location | Event 2 | -11/Scrapyard | Met Revision 17 4 | -11/Scrapyard | Discovered new exit (range 16) 55 | -11/Scrapyard | Entered Materials 525 | -10/Materials | Discovered new exit (range 5) 598 | -10/Materials | Discovered new exit (range 7) 644 | -10/Materials | Discovered new exit (range 10) 769 | -10/Materials | Build established: Mutant 1000 | -10/Materials | Entered another Materials area 1000 | -9/Materials | Evolved 2 slots: Utility x2 1206 | -9/Materials | Repaired Corrupted Aluminum Leg 1470 | -9/Materials | Self-destructed Last Messages --------------- 01456_ U-05 Engineer lays Concrete. 01456_ U-05 Engineer builds a Wall. 01456_ T-07 Excavator is excavating. 01457_ U-05 Engineer lays Concrete. 01457_ U-05 Engineer builds a Wall. 01457_ K-01 Serf collects debris. 01458_ Destroyed Mining Laser. 01458_ K-01 Serf destroyed. 01458_ U-05 Engineer lays Concrete. 01460_ Y-45 Defender suffers critical hit (Burn). 01460_ U-05 Engineer lays Concrete. 01462_ The unstable cave ceiling collapses. 01463_ U-05 Engineer lays Concrete. 01463_ U-05 Engineer builds a Wall. 01464_ U-05 Engineer lays Concrete. 01464_ Lgt. Ion Engine destroyed. 01464_ Critical hit (Burn: +37). 01465_ U-05 Engineer builds a Wall. 01470_ W-16 Scout sends out distress signal. Map ----- +----------------------------------------------------+ | ??????????????? ????????????????????????????????? | | #######??????? ??????????????^??????????????????? | | # #?????##+###???????????????????????????????? | | #?????# #??????????^????????????????????? | | ####### #???????????????????????????????? | | #??????? ???????????????????????? | | # #?????? ??????????????????????? | | ## """ #????? ???????^???????????????? | | # """ !! #???? #????????????????????????? | | # """ !! #### #????????????????????????? | | / !! #????????????????????????? | | # #????????????????????????? | | # "T #????????????????????????? | | !# = #????????????????????????? | | !# = #????????????????????????? | | #####"T"##### ######## #??##+##?????????????????? | | %#???#"""#??## ######?# #??# #?????????????????? | | #???#####??## # ## #??# " #?????????????????? | | !#?????????## # #### ##????????????????? | | #?????????# # # #?##?????????????? | | ??????????# [ # # # ## #?????????????? | | #??????????# !%! # ### ##????????????? | | ???????????# # = u =! ##???????????? | | ????????????# + == #???????????? | | ????????????# # ! ! ##???????????? | | ????????????# ###@# = #????????????? | | ????????????# ### # # #????????????? | | ????????????###########?# # ### % #??????????? | | ????????????????????????#w###?# ????????? | | ????????????????????????# #???# ??????? | | ????????????????????????#+#???## ??????? | | ???????????????????????? ???? ##?????? | | ???????????????????????? ! ???? ##??????? | | ???????????????????????? ????## # ???????? | | ???????????????????????? ?????? #######??????? | | ???????????????????????? ?????? #????????????? | | ??????????????????????? ????? #????????????? | | ???????????????????????#+###????? ????????????? | | ????????????????????????????????? ????????????? | | ????????????????????????????????? ??????????????? | | ?????????????????????????????????????????????????? | | ?????????????????????????????????????????????????? | | ?????????????????????????????????????????????????? | | ?????????????????????????????????????????????????? | | ?????????????????????????????????????????????????? | | ?????????????????????????????????????????????????? | | ?????????????????????????????????????????????????? | | ?????????????????????????????????????????????????? | | ?????????????????????????????????????????????????? | | ?????????????????????????????????????????????????? | +----------------------------------------------------+ Best States ------------- Heat Dissipation 28 Energy Generation 10 Energy Capacity 125 Matter Stores 300 Matter Capacity 300 Sight Range 16 Terrain Scan Density 10 ECM Strength 1 Additional Mass Support 6 Evasion (%) 55 Recoil Reduction 2 Item Schematics ----------------- None Robot Schematics ------------------ None Fabricated ------------ Nothing Repaired ---------- Aluminum Leg | 88% | -9/Materials | Corrupted Studied --------- None Alien Tech Used ----------------- None Achievements -------------- Bumper Bots DATA ERROR: Steam Global Achievement% For Emergencies Only Organ Harvest Resistances Are Futile There's More Where That Came From You Again Challenges ------------ None Game ------ Seed AbsorptionWaveInverter Manual? 0 Play Time 00:19:41 Cumulative 11.9 hours Start 2026.02.15 @ 22:47:32 End 2026.02.16 @ 17:11:13 Sessions 5 Manual Loads 0 Difficulty Rogue Special Mode None Game No. 17 Rogue 17 Adventurer 0 Explorer 0 Win Type - Total 0 Types 0/0/0/0/0/0/0/0/0/0 Lore% 13 Gallery% 14 Achievement% 11 Wizard Run 0 Options --------- Layout 1 ASCII 0 Keyboard 0 Movement Mouse Keybinds 0 Fullscreen 1 Font 24/Smallcaps Map View 50x35 Zoom Use 0% Tactical HUD 1 Map Filters NONE Filters NONE Steam 1 RUN: 5214eb50-1650-4c9a-b7bf-ecc89efdf24b